 Dungeon Crawl Stone Soup version 0.30.0-29-ga12c61a403 (webtiles) character file.

Game seed: 6446172095379250923

18 Bnni the Grasshopper (level 2, 0/23 HPs)
             Began as a Formicid Warper on June 15, 2023.
             Slain by an adder (1 damage)
             ... on level 2 of the Dungeon.
             The game lasted 00:01:27 (1005 turns).

Bnni the Grasshopper (Formicid Warper)              Turns: 1005, Time: 00:01:29

Health: 0/23       AC:  3    Str: 15    XL:     2   Next: 90%
Magic:  5/5        EV: 11    Int: 12    God:
Gold:   118        SH:  0    Dex: 13    Spells: 5/5 levels left

rFire   + . .        a - +0 hand axe
rCold   . . .        (no shield)
rNeg    . . .        b - +0 leather armour
rPois   .            (helmet unavailable)
rElec   .            (no cloak)
rCorr   .            (no gloves)
SInv    +            (no boots)
Will    .....        (no amulet)
Stlth   +            e - ring of protection from fire
HPRegen 0.23/turn    (no ring)
MPRegen 0.09/turn

%: no passive effects
@: lethally poisoned (0 -> 0)
A: permanent stasis, dig shafts and tunnels, antennae 3, four strong arms
a: Dig, Shaft Self


You were on level 2 of the Dungeon.
You visited 1 branch of the dungeon, and saw 2 of its levels.

You collected 118 gold pieces.

Inventory:

Hand Weapons
 a - a +0 hand axe (weapon)
Missiles
 d - 4 boomerangs of dispersal (quivered)
Armour
 b - a +0 leather armour (worn)
Jewellery
 e - a ring of protection from fire (left hand)
Scrolls
 c - 2 scrolls of blinking
 g - a scroll of magic mapping {unknown}
 h - a scroll of teleportation {unknown}
 j - 3 scrolls of identify {unknown}
 k - 2 scrolls of noise {unknown}
 l - 4 scrolls of enchant armour {unknown}
 m - a scroll of enchant weapon {unknown}
Potions
 f - a potion of cancellation {unknown}
 i - a potion of haste {unknown}


   Skills:
 + Level 2.5 Fighting
 * Level 2.6 Axes
 - Level 1.0 Throwing
 - Level 1.1 Armour
 - Level 1.7 Dodging
 - Level 2.1 Spellcasting
 + Level 2.9 Translocations


You had 5 spell levels left.
You didn't know any spells.
Your spell library contained the following spells:

 Spells                   Type           Power      Damage    Failure   Level
 Lesser Beckoning         Tloc           16%        N/A       14%         2
 Teleport Other           Tloc           8%         N/A       28%         3
 Magic Dart               Conj           4%         1d3       32%         1
 Call Imp                 Summ           2%         N/A       45%         2
 Manifold Assault         Tloc           8%         N/A       67%         4
 Mephitic Cloud           Conj/Pois/Air  1%         N/A       69%         3
 Blink                    Tloc           Unusable   N/A       N/A         2
 Vhi's Electric Charge    Tloc/Air       Unusable   N/A       N/A         3

Dungeon Overview and Level Annotations

Branches:
Dungeon (2/15)

Altars:


Innate Abilities, Weirdness & Mutations

You cannot be hasted, slowed, berserked, paralysed or teleported.
You can dig through walls and to a lower floor.
You have a pair of large antennae on your head. (SInv)
Your four strong arms can wield two-handed weapons with a shield.


Message History

You are more poisoned.
The adder poisons you!
You are too injured to fight recklessly!
You are too injured to fight recklessly!
You closely miss the adder.
The adder is lightly wounded.
You feel sick. The adder bites you. The adder bites you but does no damage.
You hit the adder.
The adder is heavily wounded.
* * * LOW HITPOINT WARNING * * *
You feel very sick. The adder closely misses you.
You miss the adder.
The adder is heavily wounded.
* * * LOW HITPOINT WARNING * * *
You feel sick. The adder closely misses you. x2
Okay, then.
Throw: 7 boomerangs (disperse)
Press: ? - help, Shift-Dir - straight line, f - adder
Aim: an adder (heavily wounded, 38% to hit)
You throw a boomerang of dispersal.
The boomerang of dispersal misses the adder.
* * * LOW HITPOINT WARNING * * *
You feel sick. The adder closely misses you.
Unknown command.
Throw: 6 boomerangs (disperse)
Press: ? - help, Shift-Dir - straight line, f/p - adder
Aim: an adder (heavily wounded, 38% to hit)
You throw a boomerang of dispersal.
The boomerang of dispersal misses the adder.
* * * LOW HITPOINT WARNING * * *
You feel sick. The adder closely misses you. The adder completely misses you.
Throw: 5 boomerangs (disperse)
Press: ? - help, Shift-Dir - straight line, f/p - adder
Aim: an adder (heavily wounded, 38% to hit)
You throw a boomerang of dispersal.
The boomerang of dispersal barely misses the adder.
* * * LOW HITPOINT WARNING * * *
You feel sick. The adder bites you.
You die...

.#...........~_~...........
.....#....>..~~~...........
..........#........##......
.....##............###.....
.....##.#...........# ##.##
..###...............# .#
.......###..........# #
....#.##.......?....###
##.......#.^....@S....#
.#.....#........†......# .#
....#.###............
......... ##.#.........
#.... ............. ..##
###........... ##
........... # ..#.........
.


You could see an adder.

Vanquished Creatures
  2 endoplasms
  A giant cockroach (D:2)
  6 goblins
  4 kobolds
  A bat (D:1)
  A frilled lizard (D:1)
  A rat (D:1)
16 creatures vanquished.

Notes
Turn   | Place    | Note
-------+----------+-------------------------------------------
     0 | D:1      | Bnni the Formicid Warper began the quest for the Orb.
     0 | D:1      | Reached XP level 1. HP: 16/16 MP: 3/3
   262 | D:1      | Reached XP level 2. HP: 19/23 MP: 5/5
   957 | D:2      | Found a faded altar of an unknown god.
  1005 | D:2      | HP: 1/23 [poisoned by an adder]
  1005 | D:2      | Slain by an adder

Illustrated notes

Levels and vault maps discovered:
D:1:      lightli_arrival_farm, layout_basic, minmay_small_reverse_x
D:2:      layout_rooms, hellmonk_ecumenical_altar_pennies_from_heaven,
          minmay_pentomino_s4

Action                     || total
---------------------------++-------
  Melee: Hand axe          ||    47
         Punch             ||     1
  Throw: Boomerang         ||     3
 Armour: Leather armour    ||    10
  Dodge: Dodged            ||    31
